Map: Deathaura LE

Players

RagnaroK (SHIN)

  • Race: Zerg Zerg
  • Spawn Location: 5:00

Cure - Winner!

  • Race: Terran Terran
  • Spawn Location: 11:00

Event: IEM Katowice 2021

VOD

Have the link to the VOD?

Description

Time

  • Played on: Feb. 25, 2021, 9:34 a.m.
  • Length: 17:13

All games in this series

Show
View Real Time Build Order
Export as new Build Order

RagnaroK Zerg 

Build Orders: Hatch First, Muta Ling Bane 

Get SALT Encoding   

  12  0:00  Drone  
  13  0:07  Drone  
  14  0:17  Overlord  
  14  0:22  Extractor, Drone  
  15  0:35  Drone x2  
  17  0:50  Hatchery  
  17  0:53  Drone  
  17  0:58  Drone  
  18  1:05  Drone  
  19  1:13  Spawning Pool  
  19  1:15  Drone  
  19  1:28  Drone  
  20  1:42  Extractor  
  19  1:52  Drone  
  20  1:59  Zergling x2  
  20  2:00  Zergling x2  
  22  2:01  Queen x2  
  22  2:02  Zergling x2  
  27  2:10  Overlord  
  27  2:13  Drone  
  28  2:18  Hatchery  
  28  2:20  Drone  
  28  2:29  Drone  
  29  2:31  Drone  
  30  2:37  Queen  
  30  2:42  Drone  
  33  2:45  Drone  
  33  2:47  Metabolic Boost  
  34  2:52  Overlord  
  34  2:57  Drone x2  
  36  3:11  Drone x2  
  36  3:12  Drone x3  
  41  3:14  Queen  
  41  3:18  Overlord  
  43  3:20  Drone  
  44  3:29  Queen  
  44  3:30  Drone x2  
  48  3:35  Drone  
  48  3:39  Drone x2  
  51  3:43  Drone x2  
  51  3:44  Drone x2  
  51  3:46  Drone  
  51  3:47  Drone x2  
  58  3:55  Overlord  
  58  3:58  Overlord  
  58  4:07  Queen  
  58  4:14  Drone x5  
  58  4:15  Drone x4  
  58  4:16  Overlord  
  66  4:21  Lair  
  66  4:24  Drone x3  
  69  4:26  Extractor x2  
  69  4:27  Extractor, Drone  
  67  4:32  Baneling Nest  
  67  4:33  Spore Crawler  
  67  4:34  Spore Crawler  
  67  4:35  Spore Crawler  
  67  4:37  Drone  
  64  4:39  Drone x2  
  64  4:41  Drone  
  64  4:45  Queen  
  67  4:46  Drone  
  67  4:50  Drone x2  
  67  4:51  Drone  
  67  4:52  Drone  
  74  4:55  Drone x3  
  74  4:57  Drone  
  79  5:00  Drone x2  
  79  5:04  Extractor x2  
  79  5:05  Overlord  
  79  5:06  Drone x2  
  80  5:10  Drone  
  80  5:11  Drone  
  80  5:12  Overlord  
  82  5:18  Overseer, Spire  
  81  5:23  Queen  
  81  5:24  Centrifical Hooks  
  81  5:26  Drone x2  
  81  5:27  Drone  
  86  5:28  Drone  
  86  5:33  Zergling x8  
  91  5:40  Hatchery  
  91  5:42  Zergling x4  
  92  5:46  Zergling x8  
  96  5:50  Zergling x2  
  96  5:54  Zergling x6  
  93  5:58  Zergling x14  
  91  6:04  Zergling x4  
  91  6:08  Zergling x2  
  88  6:15  Zergling x4  
  88  6:17  Queen x2  
  88  6:18  Queen  
  86  6:24  Baneling x4  
  86  6:25  Baneling x2  
  85  6:32  Mutalisk x6  
  85  6:38  Overlord x3  
  97  6:40  Baneling  
  97  6:41  Baneling  
  97  6:42  Evolution Chamber x2  
  97  6:45  Drone  
  96  6:47  Baneling x2  
  96  6:51  Mutalisk x4  
  104  6:58  Zergling x6, Baneling  
  104  6:59  Baneling x3  
  104  7:00  Zergling x2, Baneling x2  
  104  7:01  Zergling x2, Overseer  
  109  7:04  Zergling x2  
  109  7:05  Zergling x6  
  113  7:11  Zergling x2  
  113  7:12  Zergling x4  
  108  7:18  Mutalisk x2  
  108  7:21  Drone, Zerg Ground Armor Level 1  
  112  7:23  Baneling x3  
  112  7:24  Drone x2  
  112  7:26  Drone x4  
  118  7:33  Zerg Melee Weapons Level 1  
  118  7:34  Zergling x2, Overlord  
  118  7:36  Overlord  
  119  7:43  Overlord  
  116  7:45  Drone x7  
  115  7:53  Mutalisk x3  
  115  7:57  Zergling x8  
  125  8:02  Baneling x2  
  125  8:03  Baneling x3  
  123  8:06  Zergling x12  
  123  8:11  Zergling x4  
  131  8:12  Queen  
  131  8:15  Baneling x5  
  131  8:16  Baneling  
  131  8:17  Zergling x6  
  135  8:21  Mutalisk  
  135  8:26  Mutalisk  
  137  8:28  Zergling x10  
  142  8:39  Mutalisk x2  
  142  8:41  Drone x2  
  141  8:49  Zergling x2  
  141  8:50  Zergling x10  
  141  8:51  Hatchery  
  141  8:52  Baneling  
  141  8:53  Baneling x8  
  133  8:58  Baneling x3  
  133  8:59  Drone x2, Baneling  
  133  9:00  Drone x3  
  133  9:01  Drone x5  
  143  9:04  Pneumatized Carapace  
  143  9:08  Overseer  
  141  9:10  Baneling  
  141  9:11  Zergling x4  
  141  9:12  Overlord x2  
  141  9:19  Overlord  
  141  9:22  Zerg Ground Armor Level 2  
  139  9:27  Overlord  
  139  9:29  Extractor  
  139  9:30  Extractor  
  137  9:32  Zerg Melee Weapons Level 2  
  137  9:33  Zergling x24  
  137  9:37  Overlord  
  149  9:38  Drone  
  149  9:39  Drone x3  
  149  9:44  Mutalisk  
  149  9:45  Mutalisk, Spore Crawler  
  154  9:51  Zergling x2  
  154  9:52  Zergling x2, Baneling  
  158  9:53  Baneling x4  
  158  9:57  Zergling x8  
  158  9:59  Drone x3  
  165  10:03  Baneling x9  
  163  10:09  Zergling x18  
  172  10:19  Drone x3  
  168  10:23  Mutalisk x4  
  168  10:25  Zergling x2  
  168  10:26  Zergling x6  
  177  10:30  Zergling x2  
  177  10:31  Zergling x6, Queen  
  177  10:32  Overseer, Infestation Pit  
  182  10:38  Zergling x10  
  182  10:39  Zergling x4  
  182  10:41  Baneling x7  
  189  10:45  Zergling x2  
  189  10:46  Overlord x3  
  189  10:47  Baneling x4  
  190  10:55  Baneling x7  
  188  10:58  Spine Crawler, Drone x2  
  188  11:00  Baneling x3  
  188  11:01  Drone  
  188  11:03  Spore Crawler  
  189  11:06  Zergling x22  
  189  11:11  Hive  
  200  11:17  Overlord  
  199  11:22  Zergling x4  
  199  11:23  Zergling x12  
  199  11:29  Hatchery, Drone x2  
  200  11:38  Baneling x3  
  200  11:50  Drone  
  199  12:00  Drone  
  199  12:07  Hatchery, Extractor  
  196  12:12  Spine Crawler  
  196  12:13  Spine Crawler  
  196  12:14  Spine Crawler  
  196  12:15  Zergling x28  
  187  12:16  Zergling x2  
  187  12:19  Baneling x7  
  199  12:23  Drone  
  199  12:24  Zerg Melee Weapons Level 3, Zerg Ground Armor Level 3  
  199  12:36  Zergling x44  
  191  12:42  Zergling x8  
  186  12:47  Zergling x6  
  186  12:49  Zergling x2  
  191  12:54  Drone x2  
  191  12:55  Drone x2  
  188  12:58  Mutalisk  
  188  12:59  Mutalisk x3  
  188  13:01  Baneling x20  
  194  13:06  Adrenal Glands  
  194  13:09  Zergling x10  
  195  13:13  Zergling x6  
  195  13:14  Baneling  
  195  13:15  Baneling  
  195  13:16  Baneling  
  195  13:17  Baneling x21  
  198  13:20  Zergling x2  
  198  13:23  Hatchery, Ultralisk Cavern  
  196  13:34  Hatchery, Baneling x3  
  196  13:38  Drone  
  196  13:39  Drone x2  
  197  13:43  Zergling x2  
  197  13:44  Zergling x14  
  197  13:47  Drone x2  
  199  13:51  Hatchery  
  199  13:55  Zergling x20  
  186  14:01  Zergling x12  
  191  14:10  Zergling x18  
  191  14:16  Zergling x4  
  191  14:17  Zergling x4  
  188  14:31  Drone x2  
  188  14:37  Zergling x6, Ultralisk  
  198  14:39  Hatchery  
  198  14:42  Baneling x4  
  198  14:43  Zergling x2  
  198  14:44  Zergling x12  
  198  14:52  Zergling x18  
  180  14:56  Zergling x2  
  180  15:01  Ultralisk  
  180  15:02  Zergling x8, Ultralisk  
  180  15:07  Zergling x2  
  197  15:08  Overlord  
  197  15:13  Baneling  
  197  15:14  Baneling x14  
  193  15:18  Zergling x4  
  193  15:19  Zergling x6  
  178  15:25  Zergling x6, Ultralisk  
  157  15:30  Zergling x2  
  157  15:33  Zergling x10  
  157  15:34  Zergling x10  
  143  15:37  Zergling x4  
  143  15:40  Drone x2  
  142  15:46  Mutalisk  
  142  15:47  Mutalisk  
  142  15:48  Ultralisk Cavern  
  145  15:51  Mutalisk  
  145  15:56  Mutalisk x2  
  147  15:58  Baneling x4  
  147  16:03  Zergling x6  
  154  16:05  Baneling  
  154  16:06  Baneling x2  
  154  16:10  Zergling x6  
  157  16:11  Baneling x2  
  157  16:12  Baneling  
  157  16:15  Zergling x6  
  160  16:20  Zergling x8  
  160  16:21  Baneling x3  
  163  16:26  Zergling x6  
  163  16:31  Zergling x2  
  163  16:32  Zergling x10  
  156  16:38  Zergling x10  
  151  16:45  Zergling x8  
  151  16:46  Zergling x2  
Show
View Real Time Build Order
Export as new Build Order

Cure Terran - Winner!

Build Orders: Reaper Expand 

Get SALT Encoding   

  12  0:00  SCV  
  13  0:12  SCV  
  14  0:17  Supply Depot  
  14  0:24  SCV  
  15  0:39  SCV, Barracks  
  15  0:42  Refinery  
  16  0:51  SCV  
  17  1:03  SCV  
  18  1:15  SCV  
  19  1:26  Reaper  
  19  1:27  Orbital Command  
  20  1:38  Command Center  
  20  1:47  Supply Depot  
  20  1:52  SCV  
  21  1:58  Marine  
  22  2:05  SCV  
  23  2:13  Factory  
  23  2:17  SCV  
  23  2:20  Barracks Reactor  
  24  2:29  SCV  
  25  2:41  SCV  
  25  2:42  Command Center  
  26  2:50  Orbital Command  
  26  2:53  SCV  
  26  2:58  Barracks  
  27  3:05  SCV  
  28  3:09  Hellion  
  28  3:10  Hellion  
  28  3:12  Marine  
  33  3:17  SCV  
  33  3:19  SCV  
  35  3:25  Refinery  
  35  3:29  SCV  
  35  3:30  Hellion  
  35  3:31  SCV  
  35  3:32  Hellion  
  35  3:33  Barracks Tech Lab  
  41  3:41  SCV  
  41  3:43  SCV  
  43  3:54  Stimpack  
  43  3:55  Orbital Command  
  43  3:56  SCV x2  
  43  4:00  Marine x2  
  43  4:02  Marine, Starport  
  48  4:03  Factory Reactor  
  47  4:11  SCV  
  47  4:12  SCV  
  47  4:15  Orbital Command  
  45  4:19  Supply Depot, Marine x3  
  45  4:22  Refinery  
  45  4:24  SCV x2  
  50  4:28  Refinery  
  50  4:32  Barracks  
  50  4:36  SCV x2  
  50  4:37  Marine x2  
  50  4:38  Marine  
  55  4:41  SCV  
  56  4:48  SCV x2, Supply Depot  
  56  4:51  Medivac x2  
  56  4:52  Supply Depot, Factory Reactor  
  62  4:56  SCV  
  62  4:57  Marine x3  
  66  5:00  SCV x2  
  68  5:07  Engineering Bay  
  68  5:08  SCV  
  68  5:09  Engineering Bay  
  68  5:12  SCV, Supply Depot  
  68  5:13  SCV  
  71  5:17  Marine x3  
  71  5:20  SCV, Barracks Reactor  
  75  5:27  SCV  
  75  5:28  SCV  
  77  5:32  SCV  
  77  5:33  Terran Infantry Weapons Level 1  
  77  5:34  Combat Shield  
  77  5:35  Terran Infantry Armor Level 1  
  78  5:39  Marine x3  
  78  5:41  Supply Depot  
  81  5:45  SCV x3  
  81  5:46  Medivac  
  81  5:49  Medivac  
  88  5:58  Widow Mine x2  
  89  6:10  Marine x5  
  93  6:13  SCV x3  
  92  6:21  Medivac x2  
  92  6:22  Widow Mine x2  
  98  6:26  Barracks  
  98  6:27  Barracks, Supply Depot, Marine x3  
  98  6:29  Supply Depot x2  
  98  6:32  Armory  
  101  6:43  Missile Turret  
  101  6:45  Missile Turret  
  101  6:48  Missile Turret  
  101  6:49  SCV x3, Marine x5  
  101  6:52  Factory  
  112  7:01  SCV x3, Supply Depot  
  112  7:03  Supply Depot  
  112  7:06  Marine x2  
  114  7:10  Marine x3  
  114  7:11  Medivac x2, Widow Mine x2  
  114  7:14  SCV x3  
  122  7:16  Barracks Reactor  
  122  7:17  Barracks Reactor  
  119  7:23  Refinery  
  119  7:24  Marine x2  
  119  7:27  Refinery  
  119  7:28  Marine  
  122  7:31  Command Center, Terran Infantry Weapons Level 2  
  122  7:32  Widow Mine  
  122  7:33  Widow Mine  
  126  7:37  Marine x2  
  126  7:42  Marine x2  
  131  7:44  SCV x2  
  131  7:45  SCV  
  131  7:46  Marine  
  134  7:52  Marine x4  
  134  7:53  Terran Infantry Armor Level 2  
  134  7:54  Widow Mine, Factory Tech Lab  
  134  7:55  Marine x2  
  140  8:01  Supply Depot  
  140  8:06  Marine  
  140  8:11  Supply Depot  
  141  8:15  Supply Depot  
  141  8:16  Drilling Claws  
  141  8:18  Supply Depot  
  141  8:19  Terran Vehicle And Ship Armor Level 1  
  141  8:22  Thor, Marine x2  
  149  8:32  Marine x4, Supply Depot x2  
  149  8:33  Widow Mine x2  
  157  8:36  Medivac x2, Marine x3  
  157  8:37  Barracks  
  157  8:38  Barracks  
  157  8:39  Barracks  
  157  8:40  Marine x2  
  157  8:50  Marine x4  
  157  8:54  Marine x3  
  154  8:57  Missile Turret  
  154  8:58  Marine, Sensor Tower, Missile Turret  
  154  8:59  Widow Mine x2  
  154  9:02  Marine  
  160  9:08  Marine x2, Missile Turret  
  162  9:12  Marauder  
  162  9:13  Thor  
  170  9:19  Planetary Fortress  
  170  9:20  SCV  
  170  9:21  SCV x2  
  173  9:27  Sensor Tower  
  173  9:28  Supply Depot  
  173  9:34  Marauder, Barracks Tech Lab x3  
  173  9:35  Widow Mine  
  177  9:38  Medivac x2  
  177  9:41  Missile Turret  
  181  9:51  Terran Infantry Weapons Level 3  
  181  10:01  Thor  
  181  10:02  Widow Mine x2, Marauder x2  
  192  10:10  Missile Turret  
  192  10:12  Concussive Shells, Missile Turret  
  191  10:23  Marauder x2  
  191  10:24  Marauder x2  
  191  10:26  Widow Mine x2  
  191  10:27  Marine  
  191  10:28  Marine  
  196  10:44  Marauder  
  196  10:48  Marine x2  
  200  10:52  Terran Infantry Armor Level 3  
  200  10:54  Terran Vehicle And Ship Armor Level 2  
  199  11:11  Barracks  
  189  11:12  Barracks  
  189  11:13  Command Center  
  189  11:14  Barracks  
  189  11:22  Marine x2  
  189  11:23  Marauder x2  
  189  11:25  Widow Mine x3  
  191  11:29  Marauder x2, Marine x5  
  192  11:40  Marine x2  
  192  11:44  Marauder x2, Marine  
  192  11:46  Marine x3  
  200  11:57  Command Center x2  
  200  12:00  Barracks Tech Lab x2  
  200  12:02  Barracks Tech Lab  
  192  12:17  Marauder, Marine x4  
  192  12:18  Marauder  
  177  12:42  Marine x4  
  177  12:43  Marauder x2, Widow Mine  
  177  12:44  Medivac x2, Widow Mine x2  
  173  12:56  Marauder x2, Marine x5  
  173  12:57  Marauder x2  
  184  13:00  Marine x3  
  184  13:02  Marine  
  184  13:04  Marauder x2  
  184  13:05  Thor, Widow Mine x2  
  200  13:10  Orbital Command x2  
  199  13:14  Marine  
  200  13:34  Missile Turret  
  200  13:37  Missile Turret  
  200  13:39  Missile Turret  
  200  13:48  Missile Turret  
  200  13:53  Marine x4  
  200  13:54  Marauder x2  
  184  13:57  Marauder x2, Marine x4  
  184  13:58  Thor, Widow Mine x2  
  184  14:02  Marauder, Marine x2  
  188  14:09  Medivac x2  
  192  14:11  Marine x4  
  192  14:14  Marine x2  
  192  14:15  Marine x2  
  196  14:18  Planetary Fortress  
  196  14:19  Marauder x2  
  196  14:20  Marine x2  
  196  14:21  Marauder, Marine  
  196  14:23  Command Center  
  196  14:24  Widow Mine x2, Marauder  
  199  14:29  Marine x3  
  200  14:31  Neosteel Armor, Hi-Sec Auto Tracking, Terran Vehicle And Ship Armor Level 3  
  199  14:40  Marauder  
  199  14:42  Widow Mine  
  199  14:47  Marine x3  
  199  14:48  Marauder x2  
  199  14:49  Marine x2  
  199  14:50  Marauder  
  199  14:51  Widow Mine x2  
  198  14:54  Marauder  
  200  15:03  Command Center  
  189  15:22  Marauder x3, Marine x6  
  189  15:23  Medivac x2, Widow Mine x3  
  189  15:28  Marauder x2, Marine x4  
  153  15:39  Marine x2  
  153  15:40  Marine x4  
  149  15:44  Marauder x3  
  149  15:45  Widow Mine x3, Marine x2  
  149  15:46  Marauder x2  
  149  15:49  Marine  
  170  15:50  Marauder  
  170  15:53  Medivac  
  168  15:57  Marine x6  
  172  16:05  Marauder x3  
  172  16:06  Widow Mine x2  
  172  16:07  Marauder  
  172  16:08  Missile Turret  
  172  16:10  Missile Turret  
  184  16:13  Missile Turret  
  184  16:15  Marauder x2  
  188  16:21  Medivac, Widow Mine  
  188  16:23  Medivac  
  194  16:27  Widow Mine  
  194  16:28  Widow Mine  
  194  16:29  Missile Turret  
  194  16:32  Marauder, Marine x2  
  190  16:33  Marauder x2  
  190  16:34  Marine x2  
  190  16:35  Marauder x2, Marine x2  
  190  16:36  Marauder  
  177  16:41  Marauder, Marine x2  
  163  16:50  Marine x2  
  163  16:52  Marine x3  

Tags
 
Add a new tag
Caveats
  • Supply blocks, unpowered buildings, or Contaminate may cause inaccurate times.
  • Supply counts are checked every 10 seconds.